[Event "Late-Titled-Tuesday-Blitz-February-06-2024"]
[Site "Chess.com"]
[Date "2024.02.06"]
[Round "3"]
[White "Kingstar70"]
[Black "ArtemDyachuk"]
[Result "0-1"]
[WhiteElo "2438"]
[BlackElo "2648"]
[TimeControl "180+1"]
[EndTime "14:29:53 PST"]
[Termination "ArtemDyachuk won by resignation"]

1. e4 e5 2. Nf3 Nc6 3. Bb5 a6 4. Ba4 Nf6 5. O-O Bc5 6. c3 O-O 7.
d3 Ba7 8. Be3 Bxe3 9. fxe3 d5 10.
exd5 Nxd5 11. Qe2 e4 12. dxe4 Nf6 13. Nbd2 Qe7 14. Bc2 Bg4 15. Rae1 Rad8 16. h3 Bh5 17. Qf2 Rfe8 18. Nd4 Bg6 19. Nxc6 bxc6 20. Kh1 Qd6 21. Rd1 Nh5 22. Kg1 Qe7 23. Qf3 Nf6 24. Qf4 Rd7 25.
g4 Red8 26. Nf3 Rxd1 27. Rxd1 Rxd1+ 28. Bxd1 Bxe4 29. Nd4 c5 30. Nb3 Qd7 31. Bf3 Qd3 32. Nxc5 Qb1+ 33. Kg2 Qxb2+ 34. Kg3 Bg6 35. Qxc7 h5 36.
g5 h4+ 37. Kxh4 Qf2+ 38. Qg3 Qxe3 39. gxf6 Qh6+ 40. Kg4 Qh5+ 41. Kf4 Qxc5 42. Qg5 Qxc3 43. fxg7 Qd2+ 44. Kg4 Qxa2 45. Qf6 Qc4+ 46. Kg3 a5 47. h4 a4 48. h5 Bxh5 49. Bxh5 Qd3+ 50. Bf3 a3 51. Qe6 fxe6 0-1

[Event "Late-Titled-Tuesday-Blitz-February-06-2024"]
[Site "Chess.com"]
[Date "2024.02.06"]
[Round "3"]
[White "BozeKat"]
[Black "NowInChess"]
[Result "1-0"]
[WhiteElo "2008"]
[BlackElo "2326"]
[TimeControl "180+1"]
[EndTime "14:29:54 PST"]
[Termination "BozeKat won by checkmate"]

1. d4 Nf6 2. Bg5 e6 3. Nd2 h6 4. Bh4 c5 5. e3 cxd4 6. exd4 b6 7. c3 Bb7 8. Ngf3 Be7 9. Bd3 d6 10. O-O Nbd7 11. Re1 Nd5 12. Bxe7 Qxe7 13. g3 h5 14. a3 h4 15. Nxh4 Nf4 16. Be4 Bxe4 17. Nxe4 f5 18. Nxf5 Nh3+ 19. Kg2 Qf8 20. Nexd6+ Kd8 21. Qf3 Rb8 22. Rxe6 Ng5 23. Qd5 Nxe6 24. Qxe6 Qf6 25.
Nf7+ Kc7 26. Qxf6 Nxf6 27. Nxh8 Rxh8 28. Nxg7 Ng4 29. h4 Nf6 30. Re1 Kd7 31. Nf5 Rh7 32. f3 Kc6 33. g4 Nd5 34. Kg3 Kb5 35. Nd6+ Ka4 36. g5 Kb3 37. g6 Rg7 38. h5 Ne7 39. Kh4 Kxb2 40. Kg5 Kxc3 41. Nf5 Rg8 42. Nxe7 Rd8 43. g7 Rb8 44. g8=Q Kd2 45. Qxb8 Kxe1 46. Qxa7 Kf2 47. Qxb6 Kg3 48. h6 Kh3 49. Qe6+ Kg3 50.
Qg4+ Kf2 51. f4 Ke3 52. f5 Kd3 53. f6 Kc4 54. f7 Kc3 55. f8=Q Kd3 56. d5 Kc3 57.
Qff3+ Kc2 58. Qgg2+ Kb1 59. Qff1# 1-0

[Event "Late-Titled-Tuesday-Blitz-February-06-2024"]
[Site "Chess.com"]
[Date "2024.02.06"]
[Round "3"]
[White "kekic76"]
[Black "Mikayel99"]
[Result "0-1"]
[WhiteElo "2373"]
[BlackElo "2532"]
[TimeControl "180+1"]
[EndTime "14:29:56 PST"]
[Termination "Mikayel99 won by resignation"]

1. e4 e5 2. Nf3 Nc6 3. Bb5 Nf6 4. d3 d6 5. h3 Bd7 6. O-O Be7 7. Nc3 O-O 8. Ne2 h6 9. Ng3 a6 10. Ba4 b5 11. Bb3 Na5 12. Re1 Nxb3 13. axb3 c5 14.
c3 Re8 15. d4 exd4 16. cxd4 Bf8 17. e5 dxe5 18. dxe5 Nh7 19. Bd2 Be6 20. Qc2 b4 21.
Be3 Qb6 22. Red1 Rec8 23. Nd2 Be7 24. Nc4 Qb5 25. Ne4 Rd8 26. Ned6 Qc6 27. f4 Nf8 28.
Na5 Qc7 29. Qxc5 Bxd6 30. exd6 Qxc5 31. Bxc5 Nd7 32. Bxb4 Rdb8 33. Ba3 Bxb3 34. Nxb3 Rxb3 35. Rac1 Rab8 36. Rc7 R3b7 37. Re1 Rxc7 38. dxc7 Rc8 39. Bd6 Nf6 40. f5 Ne8 41. Bf4 Kf8 42. Ra1 Ra8 43.
b4 Ke7 44. b5 Kd7 45. b6 Kc6 46. Be3 Kb7 47. Rd1 Nf6 48. Rd8 Rc8 49. Rd6 a5 50. Kf2 Ne4+ 51. Kf3 Nxd6 52. Kf4 Nc4 53. Bd4 Nxb6 0-1

[Event "Late-Titled-Tuesday-Blitz-February-06-2024"]
[Site "Chess.com"]
[Date "2024.02.06"]
[Round "3"]
[White "messiboca"]
[Black "Mistango"]
[Result "1-0"]
[WhiteElo "2767"]
[BlackElo "2494"]
[TimeControl "180+1"]
[EndTime "14:29:57 PST"]
[Termination "messiboca won by checkmate"]

1. d4 Nf6 2. Bf4 g6 3. e3 Bg7 4. h3 O-O 5. Nf3 d5 6. Nbd2 c5 7. c3 Nc6 8. Be2 Nd7 9. Bg3 e5 10. dxe5 Ndxe5 11. O-O Be6 12. a3 a5 13. Bb5 Qb6 14. a4 Rfd8 15. Nxe5 Nxe5 16. Qe2 c4 17. Bxe5 Bxe5 18. Nf3 Bf6 19. Rfd1 Bf5 20. Rd2 Bd3 21.
Qd1 Qe6 22. Ne1 Be4 23. Qe2 Qe7 24. Rad1 Bg5 25. Qg4 h5 26. Qe2 h4 27. Nf3 Bf6 28.
Ne1 Bg5 29. Nf3 Bf6 30. Nd4 Be5 31. Qg4 Bc7 32. Nf3 Bxf3 33. Qxf3 Qe5 34. Rxd5 Qh2+ 35.
Kf1 Rxd5 36. Rxd5 Qh1+ 37. Ke2 Qb1 38. Rd2 Rd8 39. Rxd8+ Bxd8 40. Qd5 Qxb2+ 41. Kf3 Bf6 42. Bxc4 Bg7 43. Qxf7+ Kh7 44. Bd3 Qxc3 45. Qxg6+ Kg8 46.
Qe8+ Bf8 47. Qe6+ Kg7 48. Qg6+ Kh8 49. Qh7# 1-0

[Event "Late-Titled-Tuesday-Blitz-February-06-2024"]
[Site "Chess.com"]
[Date "2024.02.06"]
[Round "3"]
[White "OglazaOskar2005"]
[Black "DinaBelenkaya"]
[Result "1-0"]
[WhiteElo "2619"]
[BlackElo "2422"]
[TimeControl "180+1"]
[EndTime "14:29:57 PST"]
[Termination "OglazaOskar2005 won by checkmate"]

1. e4 c5 2. Nf3 Nc6 3. d4 cxd4 4. Nxd4 Nf6 5. Nc3 e6 6. Ndb5 Bb4 7. a3 Bxc3+ 8. Nxc3 d5 9. exd5 exd5 10. Bd3 O-O 11. O-O d4 12. Ne2 h6 13. Bf4 Re8 14. Qd2 Bg4 15.
f3 Bh5 16. Ng3 Bg6 17. Rfe1 Qd5 18. Rxe8+ Rxe8 19. Re1 Rxe1+ 20. Qxe1 Kh7 21. h4 Bxd3 22. cxd3 Qb5 23. Qe2 a5 24. Ne4 Nh5 25. Bd6 Qd5 26.
g4 f5 27. gxh5 fxe4 28. Qxe4+ Qxe4 29. fxe4 Kg8 30. Kf2 a4 31. Kf3 Kf7 32. Kf4 Ke6 33.
Bc7 b5 34. Bb6 Kf6 35. e5+ Ke6 36. Ke4 b4 37. Bxd4 b3 38. Bc3 Ne7 39. d4 Nd5 40.
Bd2 Nb6 41. Bc1 Nd5 42. Kd3 Nb6 43. Kc3 Kd5 44. Kb4 Kxd4 45. Kb5 Nc4 46. Kxa4 Nxe5 47. Kxb3 Nd3 48. Bd2 Nf2 49. Bc3+ Kd5 50. Bxg7 Ng4 51. a4 Ne3 52. Bxh6 Nf5 53. Bg5 Ng7 54. h6 Ne6 55. h7 Nc5+ 56. Kc2 Kc4 57. h8=Q Kb4 58. Qc3+ Kxa4 59.
b3+ Ka3 60. Qa5+ Na4 61. Qxa4# 1-0

[Event "Late-Titled-Tuesday-Blitz-February-06-2024"]
[Site "Chess.com"]
[Date "2024.02.06"]
[Round "3"]
[White "Walter_White_Poland"]
[Black "expii"]
[Result "0-1"]
[WhiteElo "2392"]
[BlackElo "2215"]
[TimeControl "180+1"]
[EndTime "14:29:58 PST"]
[Termination "expii won on time"]

1. d4 d5 2. Bf4 e6 3. e3 c5 4. c3 Nc6 5. Nf3 Nf6 6. Nbd2 Bd6 7. Bg3 Bxg3 8. hxg3 O-O 9. Bd3 h6 10.
Qe2 c4 11. Bc2 b5 12. e4 b4 13. e5 bxc3 14. bxc3 Nh7 15. g4 Ne7 16. g5 h5 17.
Bxh7+ Kxh7 18. Rxh5+ Kg8 19. Qf1 g6 20. Rh6 Kg7 21.
Qh1 Rh8 22. Rb1 Nf5 23. Rxh8 Qxh8 24. Qxh8+ Kxh8 25. g4 Ne7 26. Ke2 Kg7 27. Ke3 Bd7 28.
Rb7 Rd8 29. Rxa7 Nc6 30. Rc7 Be8 31. Rb7 Ra8 32. Rb2 Ra3 33. Nb1 Ra7 34. Ne1 Na5 35. Kd2 Kf8 36. Nc2 Bd7 37. Nb4 Nc6 38. Nxc6 Bxc6 39.
a3 Ba4 40. Rb8+ Ke7 41. Kc1 Bb3 42. Kb2 Kd7 43. Nd2 Ba4 44. Rf8 Ke7 45. Rb8 Bd7 46. Rb4 Ra8 47. f4 Rh8 48. a4 Rh4 49. a5 Rxg4 50.
a6 Rxf4 0-1

[Event "Late-Titled-Tuesday-Blitz-February-06-2024"]
[Site "Chess.com"]
[Date "2024.02.06"]
[Round "3"]
[White "Pelusiansky"]
[Black "brm72"]
[Result "1-0"]
[WhiteElo "2463"]
[BlackElo "2641"]
[TimeControl "180+1"]
[EndTime "14:29:59 PST"]
[Termination "Pelusiansky won by checkmate"]

1. c4 e6 2. Nc3 Nf6 3. d4 c5 4.
d5 exd5 5. cxd5 d6 6. e4 g6 7.
Nge2 Bg7 8. Ng3 h5 9. Be2 a6 10. a4 h4 11. Nf1 h3 12. g4 O-O 13. Ng3 Nh7 14. O-O Nd7 15. Be3 Qh4 16. Qd2 Ne5 17. f3 Rb8 18. Kh1 Re8 19. Bf2 Qd8 20. Be3 Qh4 21. Bf2 Qd8 22. g5 b5 23. axb5 axb5 24.
Be3 Nc4 25. Bxc4 bxc4 26. f4 Qb6 27. Rf2 Qxb2 28. Qxb2 Rxb2 29. Rxb2 Bxc3 30. Rbb1 Bxa1 31. Rxa1 Bg4 32. Kg1 Bf3 33. Ra6 Bxe4 34. Rxd6 Bxd5 35. Bxc5 Bg2 36. Bd4 Nf8 37. Kf2 Ne6 38. Be3 Ra8 39. Rd2 Ra3 40. Rc2 c3 41. Ne2 Rb3 42. Rxc3 Rb2 43.
Rc8+ Kh7 44. Ke1 Bf3 45. Nd4 Rb1+ 46. Kf2 Nxd4 47. Bxd4 f6 48. Kxf3 Rf1+ 49. Kg3 Kg7 50. Bxf6+ Kf7 51. Rc7+ Ke6 52. Re7+ Kf5 53. Re5# 1-0

[Event "Late-Titled-Tuesday-Blitz-February-06-2024"]
[Site "Chess.com"]
[Date "2024.02.06"]
[Round "3"]
[White "andrzej"]
[Black "AldokhinIvan"]
[Result "1/2-1/2"]
[WhiteElo "2435"]
[BlackElo "2618"]
[TimeControl "180+1"]
[EndTime "14:29:59 PST"]
[Termination "Game drawn by repetition"]

1. e4 c5 2. Nf3 e6 3. d4 cxd4 4. Nxd4 a6 5. c4 Qc7 6. Nc3 Nf6 7. Be2 d6 8. O-O Nbd7 9. f4 Be7 10. Be3 O-O 11.
Rc1 b6 12. f5 Ne5 13. b3 Bd7 14. Kh1 Qb7 15. Bf3 b5 16. cxb5 axb5 17. a4 bxa4 18.
bxa4 Nxf3 19. Qxf3 e5 20. Ndb5 Rxa4 21. Nxa4 Bxb5 22.
Rb1 Qa6 23. Nb6 Be2 24. Ra1 Qxa1 25. Rxa1 Bxf3 26. gxf3 g6 27. Ra7 Re8 28. Bg5 Bd8 29.
Nc4 d5 30. exd5 Nxd5 31. Nd6 Rf8 32. Bh6 Bb6 33. Rb7 Ra8 34. Nxf7 Bd4 35. Ng5 e4 36. Ne6 Ra1+ 37. Kg2 Ra2+ 38. Kh3 Be5 39. f4 Bf6 40. fxg6 hxg6 41. Bg5 Ra3+ 42. Kg4 Ne3+ 43. Kh4 Nf5+ 44. Kg4 Ne3+ 45. Kh4 Ng2+ 46. Kg4 Ne3+ 1/2-1/2

[Event "Late-Titled-Tuesday-Blitz-February-06-2024"]
[Site "Chess.com"]
[Date "2024.02.06"]
[Round "3"]
[White "Ajedrez_con_German"]
[Black "Rsnr"]
[Result "0-1"]
[WhiteElo "2671"]
[BlackElo "2909"]
[TimeControl "180+1"]
[EndTime "14:30:01 PST"]
[Termination "Rsnr won on time"]

1. Nf3 d5 2. e3 Nf6 3. b3 c6 4.
Bb2 Bf5 5. Be2 e6 6. O-O h6 7.
c4 Be7 8. cxd5 exd5 9. d3 O-O 10. a3 a5 11. Nbd2 Nbd7 12. Qc2 Re8 13. Rfe1 Bh7 14. Bc3 Nc5 15. b4 axb4 16. axb4 Ne6 17. Qb2 Qb6 18. h3 Nd7 19. Bf1 Qc7 20. Rxa8 Rxa8 21. Ra1 Qd8 22.
Rxa8 Qxa8 23. Nd4 Nc7 24. N2f3 Bf6 25. Nb3 Bxc3 26. Qxc3 Qa3 27. d4 Bf5 28. Nfd2 Ne6 29. Bd3 Bxd3 30. Qxd3 Qxb4 31. Qc2 Qa4 32. Qb2 b5 33.
Qc3 b4 34. Qc1 Qa6 35. Nf3 Qc4 36. Qb2 Qc3 37. Qxc3 bxc3 38. Kf1 c5 39. dxc5 Ndxc5 40. Nxc5 Nxc5 41. Nd4 Kf8 42. Ke2 Ke7 43. f3 Kf6 44.
Nb5 c2 45. Kd2 Nd3 46. Nd4 c1=Q+ 0-1

[Event "Late-Titled-Tuesday-Blitz-February-06-2024"]
[Site "Chess.com"]
[Date "2024.02.06"]
[Round "3"]
[White "norwaytoadog"]
[Black "RichardLeyvaP"]
[Result "0-1"]
[WhiteElo "2249"]
[BlackElo "2508"]
[TimeControl "180+1"]
[EndTime "14:30:01 PST"]
[Termination "RichardLeyvaP won by resignation"]

1. e4 e5 2. Nf3 Nc6 3. Bb5 a6 4. Ba4 Nf6 5. O-O Be7 6. Re1 b5 7. Bb3 d6 8. c3 O-O 9. h3 Bb7 10. d4 Re8 11. Nbd2 Bf8 12. d5 Ne7 13. Nf1 h6 14. Ng3 c6 15. dxc6 Bxc6 16. Nh2 d5 17. Ng4 Nxg4 18. Qxg4 Qd6 19. Be3 dxe4 20. Nxe4 Qg6 21.
Qxg6 Nxg6 22. Ng3 Nf4 23. f3 Nd3 24. Re2 a5 25. a4 Nc5 26. Bc2 bxa4 27. Kh2 Nb3 28.
Rd1 Rab8 29. Ne4 Re6 30. Bd3 f5 31. Bc4 Kf7 32. Bxe6+ Kxe6 33. Nd2 g5 34. Nxb3 Rxb3 35. Red2 Be7 36. Bf2 a3 37. bxa3 Rxa3 38. Rc1 Rb3 39. Ra2 a4 40. c4 a3 41. c5 Bd5 42. c6 Rb8 43. Rc3 Bxa2 44. Rxa3 Bxa3 0-1

[Event "Late-Titled-Tuesday-Blitz-February-06-2024"]
[Site "Chess.com"]
[Date "2024.02.06"]
[Round "3"]
[White "Grindaveci"]
[Black "MatyChess1"]
[Result "1-0"]
[WhiteElo "2450"]
[BlackElo "2629"]
[TimeControl "180+1"]
[EndTime "14:30:02 PST"]
[Termination "Grindaveci won on time"]

1. e4 c6 2. d4 d5 3. e5 Bf5 4. h4 h5 5. Bd3 Bxd3 6. Qxd3 e6 7. Bg5 Qa5+ 8. Nd2 Ne7 9. Nf3 Nf5 10. O-O c5 11. c4 Nc6 12. cxd5 Nb4 13. Qe4 Nxd5 14.
Nb3 Qb4 15. Rfc1 Rc8 16. Qd3 c4 17. Qc2 b5 18. Nbd2 Be7 19. Ne4 Bxg5 20. Nexg5 O-O 21. a3 Qb3 22. Qxb3 cxb3 23. Ne4 a5 24. a4 Rxc1+ 25. Rxc1 bxa4 26. Ra1 Nb6 27. Nc5 Rd8 28. Nxa4 Nc4 29. Rc1 Rc8 30. Rc3 Ne7 31. Rxb3 Nd5 32. Rb5 Kh7 33.
Ng5+ Kg6 34. Ne4 Kf5 35. Nec5 Nf4 36. Nc3 Kg4 37. g3 Ng6 38. Kg2 Nd2 39. N3e4 Nxe4 40. Nxe4 Rc2 41. Nd6 a4 42. Rb4 Ne7 43. Rxa4 Nd5 44.
b4 Ne3+ 45. Kg1 Rc1+ 46. Kh2 Nf1+ 47. Kg2 Nd2 48. Ra2 Nc4 49. b5 1-0

[Event "Late-Titled-Tuesday-Blitz-February-06-2024"]
[Site "Chess.com"]
[Date "2024.02.06"]
[Round "3"]
[White "CaspiIsrael"]
[Black "sergiochess83"]
[Result "0-1"]
[WhiteElo "2677"]
[BlackElo "2917"]
[TimeControl "180+1"]
[EndTime "14:30:04 PST"]
[Termination "sergiochess83 won on time"]

1. e4 e6 2. d4 d5 3. Nc3 Nf6 4. e5 Nfd7 5. f4 c5 6. Nf3 Nc6 7. Be3 a6 8. Qd2 b5 9. dxc5 Bxc5 10. Bd3 Qb6 11. Bf2 O-O 12. O-O b4 13. Na4 Bxf2+ 14. Qxf2 Qxf2+ 15. Rxf2 a5 16. a3 Ba6 17. Ne1 h6 18. Bxa6 Rxa6 19. Nd3 Rc8 20. Rd2 g5 21. g3 Nd4 22. Kf2 Nxc2 23. Rc1 Rac6 24. axb4 Nxb4 25. Rxc6 Rxc6 26. Nxb4 axb4 27. b3 Kg7 28. Ke3 Rc1 29. Kd4 Nb8 30. Ke3 Nc6 31. Nb2 Rc3+ 32. Rd3 Na5 33.
Na4 Rxd3+ 34. Kxd3 Nxb3 35. Kc2 Nd4+ 36. Kd3 Nf3 37. h3 Ng1 38. Ke3 Nxh3 39. Nc5 h5 40.
Kf3 Kg6 41. Nb3 g4+ 42. Ke3 h4 43. gxh4 Kh5 44. Nd4 Kxh4 45. f5 Ng5 46. f6 Nf3 47.
Nxe6 Nxe5 48. Nd4 g3 49. Nf5+ Kg4 50. Nh6+ Kh3 0-1

[Event "Late-Titled-Tuesday-Blitz-February-06-2024"]
[Site "Chess.com"]
[Date "2024.02.06"]
[Round "3"]
[White "Fh2411"]
[Black "AryanTari"]
[Result "0-1"]
[WhiteElo "2615"]
[BlackElo "2930"]
[TimeControl "180+1"]
[EndTime "14:30:04 PST"]
[Termination "AryanTari won by resignation"]

1. d4 Nf6 2. Nf3 g6 3. c4 Bg7 4. Nc3 d5 5. Bg5 Ne4 6. cxd5 Nxg5 7. Nxg5 e6 8. Nf3 exd5 9. e3 O-O 10. Be2 c6 11. O-O Re8 12. b4 Nd7 13. b5 Qa5 14.
Qb3 Nb6 15. bxc6 bxc6 16. Rfc1 Ba6 17. Bxa6 Qxa6 18. Nd2 Rab8 19. Qc2 Nd7 20. Na4 Rb4 21. Nc5 Nxc5 22. Qxc5 Rb6 23. Nb3 Bf8 24. Qa5 Qb7 25.
Qd2 Bb4 26. Qd3 Bd6 27. g3 Rb5 28. Rc3 Bb4 29. Rc2 Ba3 30. Nd2 Qa6 31. Kg2 Reb8 32. Nf3 Bd6 33. Rac1 R8b6 34. h4 Ra5 35. Qd2 Bb4 36.
Qe2 Qxe2 37. Rxe2 Bd6 38. Ne1 Ba3 39. Rcc2 Rba6 40. Nd3 Bd6 41. Kf3 Kf8 42. Kg4 h5+ 43. Kf3 Ke7 44. Kg2 Ra3 45. Ne1 Kd7 46. Nf3 f6 47.
Nd2 Rxa2 48. Nb3 Rxc2 49. Rxc2 Ra3 50. Nd2 a5 51. e4 dxe4 52. Nxe4 Be7 53. Rd2 Ke6 54.
Rc2 Kd5 55. Nd2 Rd3 56. Nf3 a4 57. Re2 Bd6 58. Re8 a3 59. Ra8 Rd1 60. Ra5+ Kc4 61.
Ra6 Kb3 62. Rxc6 a2 63. Rb6+ Bb4 0-1

[Event "Late-Titled-Tuesday-Blitz-February-06-2024"]
[Site "Chess.com"]
[Date "2024.02.06"]
[Round "3"]
[White "masnyszachistaaa"]
[Black "FaustinoOro"]
[Result "0-1"]
[WhiteElo "2542"]
[BlackElo "2746"]
[TimeControl "180+1"]
[EndTime "14:30:04 PST"]
[Termination "FaustinoOro won by resignation"]

1. c4 e5 2. Nc3 Nf6 3. Nf3 Nc6 4. e3 Bb4 5. Qc2 O-O 6. Nd5 Bc5 7. d3 d6 8. Nxf6+ Qxf6 9. Be2 a5 10. O-O h6 11.
Nd2 Qg6 12. Ne4 Bb6 13. Ng3 f5 14. Bf3 Bd7 15. Bd2 Qf6 16. Rfe1 Rae8 17. a3 Qh4 18. b4 f4 19. Ne4 Bg4 20. Bxg4 Qxg4 21. h3 Qg6 22. c5 f3 23. Ng3 Ba7 24. Rac1 Rf7 25.
Bc3 Ref8 26. d4 Qe6 27. dxe5 dxc5 28. b5 Ne7 29. Rf1 fxg2 30. Kxg2 Ng6 31. Qe4 Rf3 32. Bd2 c6 33. Bb4 axb4 34. axb4 cxb4 35. bxc6 Nxe5 36. cxb7 Bb8 37. Rc8 Rxc8 38. bxc8=Q+ Qxc8 39. Qd5+ Kh8 40. Rd1 Rf8 41. Ne4 Ng6 42. Nc5 Nh4+ 43. Kf1 Qxh3+ 44.
Ke2 Qg4+ 45. Kf1 Qf3 46. Qxf3 Nxf3 47. Ne6 Re8 48. Nc5 Be5 49. Nd3 Bc3 50. Rb1 Nd2+ 51.
Ke2 Nxb1 0-1

[Event "Late-Titled-Tuesday-Blitz-February-06-2024"]
[Site "Chess.com"]
[Date "2024.02.06"]
[Round "3"]
[White "Titus369"]
[Black "TheoSlade"]
[Result "1/2-1/2"]
[WhiteElo "2665"]
[BlackElo "2466"]
[TimeControl "180+1"]
[EndTime "14:30:04 PST"]
[Termination "Game drawn - insufficient material"]

1. Nc3 d5 2. d4 Nf6 3. Bf4 e6 4. Nb5 Na6 5. c4 Bb4+ 6. Nc3 dxc4 7. e3 Nd5 8. Rc1 Nxf4 9. exf4 b5 10. Nf3 O-O 11.
Be2 Bb7 12. O-O Bxc3 13. Rxc3 c5 14. a4 Bxf3 15. Bxf3 cxd4 16. Rc1 Rb8 17. axb5 Rxb5 18. Rxc4 Rxb2 19. Rxd4 Qf6 20. Rd7 Qxf4 21. Rxa7 Nc5 22. g3 Qb8 23. Ra8 Qb6 24. Rxf8+ Kxf8 25. Qd4 Rb4 26. Qe3 Nd7 27. Qd3 Ne5 28. Qa3 Nxf3+ 29.
Qxf3 h6 30. Qa3 Kg8 31. Qa8+ Kh7 32. Qf8 Qb7 33. h4 h5 34. Qc5 g6 35. Qe5 Rb1 36. Rxb1 Qxb1+ 37. Kg2 Qb7+ 38. Kg1 Qd5 39. Qc7 Kg7 40.
Qc3+ e5 41. Qe3 Qd4 42. Qe2 e4 43. Kg2 Qd5 44. Qe3 Qd3 45. Qc5 Qf3+ 46. Kg1 e3 47. Qd4+ f6 48. Qa7+ Kh6 49. Qxe3+ Qxe3 50. fxe3 Kg7 51.
Kf2 Kf7 52. Kf3 Ke6 53. Ke4 g5 54. Kf3 Ke5 55. g4 gxh4 56. gxh5 Kf5 57. h6 Kg6 58.
Kg4 Kxh6 59. Kxh4 Kg6 60. Kg4 f5+ 61. Kf4 Kf6 62. Kg3 Kg5 63. Kf3 Kf6 64. Kf4 Ke6 65.
e4 fxe4 66. Kxe4 1/2-1/2

[Event "Late-Titled-Tuesday-Blitz-February-06-2024"]
[Site "Chess.com"]
[Date "2024.02.06"]
[Round "3"]
[White "smotherhubbard"]
[Black "rcmz"]
[Result "1-0"]
[WhiteElo "2375"]
[BlackElo "2140"]
[TimeControl "180+1"]
[EndTime "14:30:04 PST"]
[Termination "smotherhubbard won on time"]

1. d4 Nf6 2. c4 e6 3. Nf3 b6 4. a3 Bb7 5. Nc3 Ne4 6. Qc2 f5 7. Bf4 Be7 8. h4 O-O 9. e3 Nxc3 10. Qxc3 Bxf3 11. gxf3 Bxh4 12. Bd3 Bf6 13. O-O-O c5 14. Qd2 Nc6 15. d5 Na5 16. Qc2 Qe7 17. e4 g6 18.
exf5 exf5 19. Rdg1 Be5 20. Bd2 Qf6 21. Rh6 Kg7 22. Rgh1 Rh8 23. f4 Bd4 24. Bxa5 bxa5 25.
Qe2 Rab8 26. d6 Bxb2+ 27. Kc2 Bd4 28. Qe7+ Qxe7 29. dxe7 Rbe8 30. Re1 Kf6 31. Rh3 Rxe7 32. Rxe7 Kxe7 33. Rh1 Bxf2 34. Rb1 Bg3 35. Rb7 Bxf4 36. Rxa7 h5 37. Rxa5 Be3 38. Be2 h4 39. Bf3 h3 40.
Ra7 h2 41. Bh1 f4 42. Kd3 Rh3 43. Ke2 Rg3 44. a4 Rg1 45. Bf3 h1=Q 46. Bxh1 Rxh1 47. a5 Rh2+ 48. Kf3 Ra2 49. a6 g5 50. Ra8 Kd6 51.
Kg4 Rg2+ 52. Kf3 1-0

[Event "Late-Titled-Tuesday-Blitz-February-06-2024"]
[Site "Chess.com"]
[Date "2024.02.06"]
[Round "3"]
[White "grzechu96"]
[Black "BilodeauA"]
[Result "1-0"]
[WhiteElo "2740"]
[BlackElo "2980"]
[TimeControl "180+1"]
[EndTime "14:30:05 PST"]
[Termination "grzechu96 won by checkmate"]

1. e4 e5 2. Nf3 Nc6 3. Bc4 Bc5 4. O-O Nf6 5. d3 d6 6. c3 h6 7. Re1 Bb6 8. Bb3 O-O 9. h3 Ne7 10. Nbd2 Ng6 11. Nf1 c6 12. Ng3 d5 13. exd5 Nxd5 14. d4 exd4 15. Nxd4 Bc7 16. Qh5 Ndf4 17. Bxf4 Nxf4 18.
Qf3 Qf6 19. Nh5 Nxh5 20. Qxh5 g6 21. Qe2 Bd6 22. Rad1 Bd7 23. Ne6 Bxe6 24. Rxd6 Rad8 25. Rxd8 Rxd8 26. Bxe6 fxe6 27. Qxe6+ Qxe6 28. Rxe6 Kf7 29. Re2 Rd1+ 30. Kh2 a5 31. Kg3 a4 32. a3 b5 33. Kf3 Kf6 34. h4 h5 35. g3 Rb1 36.
Rd2 Ke5 37. Ke3 Re1+ 38. Re2 Rb1 39. Kd3+ Kd5 40. Rd2 Re1 41. Re2 Rb1 42. f4 Rg1 43. Re5+ Kd6 44. Rg5 Rg2 45. Rxg6+ Kc5 46. Rg5+ Kd6 47. f5 Rxb2 48. Rxh5 Ra2 49. f6 Ke6 50. Rf5 Kf7 51. g4 Rxa3 52. g5 Ke6 53. f7 b4 54. Rf6+ Ke7 55. f8=Q+ Kd7 56. Qg7+ Ke8 57. Rf8# 1-0

[Event "Late-Titled-Tuesday-Blitz-February-06-2024"]
[Site "Chess.com"]
[Date "2024.02.06"]
[Round "3"]
[White "Dzidzik2203"]
[Black "TheMagician"]
[Result "1-0"]
[WhiteElo "2379"]
[BlackElo "2147"]
[TimeControl "180+1"]
[EndTime "14:30:06 PST"]
[Termination "Dzidzik2203 won on time"]

1. b3 b6 2. Bb2 Bb7 3. Nf3 e6 4. g3 f5 5. Bg2 Nf6 6. O-O Be7 7. c4 O-O 8. Nc3 Ne4 9. Qc2 Nxc3 10. Bxc3 Bf6 11. Rfd1 Be4 12. Qb2 Qe7 13. d3 Bxc3 14. Qxc3 Bb7 15. d4 Be4 16. d5 exd5 17.
cxd5 c5 18. dxc6 Nxc6 19. Rac1 Rae8 20. e3 Nb4 21. Rd2 Kh8 22. h4 Nd5 23. Qd4 Nf6 24.
Rc7 Qa3 25. Ng5 Bxg2 26. Kxg2 Re7 27. Qd6 Qxd6 28. Rxd6 Ra8 29. Nh3 h6 30. Nf4 Rf7 31. Rb7 Kh7 32. Nd5 Nxd5 33. Rxd5 a5 34. a4 Ra6 35.
Rd6 Ra8 36. Rbxb6 Rc8 37. Rb5 Rc3 38. Ra6 d5 39. Raxa5 d4 40. exd4 f4 41. Rf5 Rd7 42. Rxf4 Rc2 43. Rb5 Ra2 44. a5 Rc7 45. b4 Rcc2 46.
Rb7 Kg6 47. h5+ Kxh5 48. Rxg7 Rxf2+ 49. Rxf2 Rxf2+ 50. Kg1 1-0

[Event "Late-Titled-Tuesday-Blitz-February-06-2024"]
[Site "Chess.com"]
[Date "2024.02.06"]
[Round "3"]
[White "Slovak_fighter2000"]
[Black "jcibarra"]
[Result "0-1"]
[WhiteElo "2513"]
[BlackElo "2883"]
[TimeControl "180+1"]
[EndTime "14:30:09 PST"]
[Termination "jcibarra won on time"]

1. d4 Nf6 2. Nf3 g6 3. c4 d6 4.
g3 Bf5 5. Nc3 Ne4 6. Bd2 Bg7 7.
Bg2 c5 8. d5 Nxc3 9. Bxc3 Bxc3+ 10. bxc3 Qa5 11. Qb3 Be4 12. O-O b6 13. Nd2 Bxg2 14.
Kxg2 O-O 15. e4 Nd7 16. f4 Rae8 17. Rfe1 e6 18. a4 Qa6 19. a5 bxa5 20. Qb5 Qxb5 21.
cxb5 exd5 22. exd5 Rxe1 23. Rxe1 Nb6 24. c4 a6 25. Rb1 Ra8 26. Kf3 a4 27. Ke2 a3 28.
bxa6 Rxa6 29. Kd3 a2 30. Ra1 Ra3+ 31. Kc2 Na4 32. Ne4 Kf8 33. Nxd6 Nb6 34. Kb2 Re3 35. Rxa2 Ke7 36. Nb7 Nxc4+ 37. Kc2 Nb6 38. Nxc5 Nxd5 39.
Kd2 Rf3 40. Nd3 Rf1 41. Rb2 Rh1 42. Ne5 Rxh2+ 43. Kc1 Rh1+ 44. Kc2 Rh2+ 45. Kb3 Rxb2+ 46. Kxb2 Ke6 47. Kc2 f6 48. Nd3 Kf5 49. Nf2 Ne3+ 50. Kd3 Ng4 51. Ne4 Nh2 52. Nd6+ Kg4 53. Ne8 f5 54. Nf6+ Kxg3 55. Ke3 Ng4+ 0-1

[Event "Late-Titled-Tuesday-Blitz-February-06-2024"]
[Site "Chess.com"]
[Date "2024.02.06"]
[Round "3"]
[White "Quattroporte300"]
[Black "protectiago"]
[Result "0-1"]
[WhiteElo "2374"]
[BlackElo "2093"]
[TimeControl "180+1"]
[EndTime "14:30:10 PST"]
[Termination "protectiago won by resignation"]

1. e4 e5 2. Nf3 Nc6 3. d4 exd4 4. Nxd4 Nf6 5. Nxc6 bxc6 6. e5 Qe7 7. Qe2 Nd5 8. c4 Ba6 9. b3 g6 10. g3 d6 11. Bb2 Bg7 12. Qe4 f5 13. Qc2 Nb4 14. Qd2 c5 15. Bg2 Rd8 16. O-O dxe5 17. Qe2 e4 18.
Nc3 O-O 19. Rad1 c6 20. f3 Bd4+ 21. Kh1 Qg7 22. Na4 Bxb2 23. Nxb2 Nxa2 24. Rxd8 Rxd8 25.
fxe4 Nc3 26. Qc2 Nxe4 27. Bxe4 fxe4 28. Na4 Bc8 29. Qxe4 Bf5 30. Qxc6 Qe7 31. Nxc5 Rd2 32. Qa8+ Kg7 33. Qf3 Qxc5 34. Qc3+ Qd4 35. Qxd4+ Rxd4 36. Ra1 Rd7 37. b4 Rb7 38. b5 Bd3 39. Ra4 Kf6 40.
Kg1 Ke5 41. Kf2 Kd4 42. g4 Bxc4 43. Kg3 Kc5 44. Kh4 Kxb5 45. Ra1 a5 46. Kg5 a4 47. Rb1+ Bb3 48. h4 Kb4 49. h5 gxh5 50. gxh5 a3 51. h6 a2 52. Re1 Ka3 53. Kf6 Kb2 54. Re2+ Bc2 0-1

[Event "Late-Titled-Tuesday-Blitz-February-06-2024"]
[Site "Chess.com"]
[Date "2024.02.06"]
[Round "3"]
[White "Rutricks"]
[Black "platy3"]
[Result "1/2-1/2"]
[WhiteElo "2713"]
[BlackElo "2945"]
[TimeControl "180+1"]
[EndTime "14:30:11 PST"]
[Termination "Game drawn by repetition"]

1. Nc3 e5 2. e4 Nf6 3. Bc4 Bb4 4. d3 Nc6 5. Ne2 Na5 6. Bb3 Nxb3 7. axb3 d5 8. exd5 Nxd5 9. O-O O-O 10. Bd2 Nxc3 11. Bxc3 Bd6 12. f4 exf4 13. Nxf4 Qg5 14. Qf3 Bd7 15. Ra5 b5 16. b4 c6 17. Qg3 h6 18.
Qxg5 hxg5 19. Nh5 f6 20. Rfa1 Bc7 21. Ra6 Bb6+ 22. Kf1 Rae8 23. Ng3 f5 24. Ne2 f4 25.
Bd4 Rxe2 26. Rxb6 f3 27. Rxa7 Rxc2 28. gxf3 Rxf3+ 29. Ke1 Rf7 30. Rbb7 Be6 31. Ra8+ Kh7 32.
Rxf7 Bxf7 33. Kd1 Rxh2 34. Rc8 Bd5 35. Rc7 Kg6 36. Rxg7+ Kf5 37. Bc5 g4 38. Ke1 Rxb2 39. Kf1 Bf3 40. Rf7+ Ke5 41. Rd7 Ke6 42. Rd6+ Kf5 43.
Rd8 g3 44. Rf8+ Kg4 45. Rg8+ Kh4 46. Be7+ Kh3 47. Rh8+ Kg4 48. Rg8+ Kf4 49. Rf8+ Kg4 50. Rg8+ Kf5 51. Rxg3 Kf4 52. Bd6+ Ke3 53. Bc5+ Kf4 54.
Bd6+ Ke3 55. Bc5+ Kf4 56. Bd6+ 1/2-1/2